 Dungeon Crawl Stone Soup version 0.28-a0-906-g0406aca7d3 (webtiles) character file.

Game seed: 7129183479604243803

247 Crownlay the Digger (level 6, 0/32 HPs)
             Began as a Gargoyle Earth Elementalist on Nov 23, 2021.
             Slain by mcbry74's ghost (3 damage)
             ... on level 3 of the Dungeon.
             The game lasted 00:07:01 (3188 turns).

Crownlay the Digger (Gargoyle Earth Elementalist)   Turns: 3188, Time: 00:07:02

Health: 0/32       AC:  7    Str: 11    XL:     6   Next: 11%
Magic:  0/13       EV: 11    Int: 18    God:
Gold:   50         SH:  0    Dex: 10    Spells: 8/14 levels left

rFire   . . .      SeeInvis .   p - +6 hand axe
rCold   . . .      Faith    .   (no shield)
rNeg    + . .      Spirit   .   b - +0 robe
rPois   ∞          Reflect  .   n - +1 hat
rElec   +          Harm     .   (no cloak)
rCorr   .          Rampage  .   (no gloves)
Will    .....                   (no boots)
Stlth   ++........              (no amulet)
HPRegen 0.10/turn               (no ring)
MPRegen 0.13/turn               (no ring)

@: no status effects
A: sickness immunity, AC +4, negative energy resistance 1, electricity
resistance, torment resistance 1, petrification resistance
a: no special abilities


You were on level 3 of the Dungeon.
You visited 1 branch of the dungeon, and saw 3 of its levels.

You collected 147 gold pieces.
You spent 97 gold pieces at shops.

Inventory:

Hand Weapons
 p - a +6 hand axe (weapon)
Missiles
 c - 17 stones
Armour
 b - a +0 robe (worn)
 n - a +1 hat (worn)
Scrolls
 f - 2 scrolls of fear
 g - a scroll of teleportation
 h - a scroll of identify
 l - a scroll of noise {unknown}
 m - a scroll of vulnerability
 o - a scroll of fog {unknown}
Potions
 a - a potion of cancellation {unknown}
 e - a potion of invisibility {unknown}
 i - a potion of brilliance {unknown}
 j - a potion of heal wounds {unknown}
 k - a potion of mutation {unknown}


   Skills:
 - Level 1.5 Dodging
 - Level 2.1 Stealth
 * Level 4.8 Spellcasting
 - Level 0.7 Transmutations
 + Level 5.4 Earth Magic


You had 8 spell levels left.
You knew the following spells:

 Your Spells              Type           Power      Damage    Failure   Level
a - Sandblast             Erth           46%        2d11      1%          1
b - Stone Arrow           Conj/Erth      28%        3d8       13%         3
c - Passwall              Tmut/Erth      12%        N/A       6%          2

Your spell library contained the following spells:

 Spells                   Type           Power      Damage    Failure   Level
 Foxfire                  Conj/Fire      16%        2x1d4     14%         1
 Pain                     Necr           16%        1d4       14%         1
 Petrify                  Tmut/Erth      15%        N/A       36%         4
 Conjure Flame            Conj/Fire      4%         6-21      38%         3
 Inner Flame              Hex/Fire       4%         N/A       38%         3
 Borgnjor's Vile Clutch   Necr/Erth      7%         N/A       77%         5
 Flame Wave               Conj/Fire      4%         3d3       80%         4
 Agony                    Necr           4%         N/A       98%         5
 Excruciating Wounds      Necr           2%         N/A       98%         5
 Summon Forest            Summ/Tloc      2%         N/A       98%         5
 Summon Mana Viper        Hex/Summ       4%         N/A       98%         5
 Conjure Ball Lightning   Conj/Air       2%         3x3d6     100%        6
 Summon Cactus Giant      Summ           2%         N/A       100%        6
 Maxwell's Capacitive Co  Air            2%         ∞         100%        8


Dungeon Overview and Level Annotations

Branches:
Dungeon (3/15)

Altars:

Shops:
D:1 =   D:2 (**(

Annotations:
D:3 mcbry74's ghost, amateur HOFi


Innate Abilities, Weirdness & Mutations

You are immune to sickness and miasma.
Your stone body is resilient. (AC +4)
You are immune to poison.
You resist negative energy. (rN+)
You are resistant to electric shocks. (rElec)
You are resistant to unholy torment.
You are immune to petrification.


Message History

Confirm with . or Enter, or press ? or * to list all spells.
The spell is quite dangerous to cast (13% risk of failure)!
Continue anyway?
Aiming: Stone Arrow (quite dangerous; 13% risk of failure)
Press: ? - help, Shift-Dir - straight line, f/p - mcbry74's ghost
Aim: mcbry74's ghost (heavily damaged, 72% to hit)
The stone arrow hits mcbry74's ghost!
Mcbry74's ghost is severely damaged.
Mcbry74's ghost hits you.
* * * LOW HITPOINT WARNING * * *
Casting: Stone Arrow (quite dangerous; 13% risk of failure)
Confirm with . or Enter, or press ? or * to list all spells.
The spell is quite dangerous to cast (13% risk of failure)!
Continue anyway?
Aiming: Stone Arrow (quite dangerous; 13% risk of failure)
Press: ? - help, Shift-Dir - straight line, f/p - mcbry74's ghost
Aim: mcbry74's ghost (severely damaged, 72% to hit)
You miscast Stone Arrow.
You are very lightly contaminated with residual magic.
Nothing appears to happen.
Mcbry74's ghost closely misses you.
Mcbry74's ghost lets out a mournful wail.
Items here: )) ††.
Your magical contamination has completely faded away.
Casting: Stone Arrow (quite dangerous; 13% risk of failure)
Confirm with . or Enter, or press ? or * to list all spells.
The spell is quite dangerous to cast (13% risk of failure)!
Continue anyway?
Aiming: Stone Arrow (quite dangerous; 13% risk of failure)
Press: ? - help, Shift-Dir - straight line, f/p - mcbry74's ghost
Aim: mcbry74's ghost (severely damaged, 72% to hit)
The stone arrow hits mcbry74's ghost!
Mcbry74's ghost is almost destroyed.
Mcbry74's ghost closely misses you.
You hit mcbry74's ghost.
Mcbry74's ghost is almost destroyed.
Mcbry74's ghost hits you.
* * * LOW HITPOINT WARNING * * *
Mcbry74's ghost closely misses you.
You hit mcbry74's ghost but do no damage.
Mcbry74's ghost is almost destroyed.
Mcbry74's ghost sneers, "Do you call that fighting?"
Mcbry74's ghost hits you.
You die...

######.#.# #...#
#....#.#.# #.### #
#....#...# #.# ###
#....÷...# #.####..
#....###.### ####.#....#
#.....##...####..........
#.......##..............(
#....##.#........########
#....#..@....#...#.......
#......W####.....#.......
#....##..######..'.......
########...)..#..'.....$.
######....'.....$.
####...#.......
####......#.......
#####....##...########
###.....#..#............


You could see mcbry74's ghost.

Vanquished Creatures
  12 gnolls (D:3)
  7 adders
  2 worms (D:2)
  2 dart slugs (D:2)
  5 orcs (D:3)
  2 bats (D:2)
  2 endoplasms
  3 giant cockroaches
  4 goblins
  5 hobgoblins
  2 jackals (D:1)
  4 ball pythons
  4 frilled lizards
  A giant cockroach zombie (D:3)
  5 kobolds
  3 rats
63 creatures vanquished.

Vanquished Creatures (others)
  5 toadstools (D:1)
5 creatures vanquished.

Grand Total: 68 creatures vanquished

Notes
Turn   | Place    | Note
-------+----------+-------------------------------------------
     0 | D:1      | Crownlay the Gargoyle Earth Elementalist began the quest
                  | for the Orb.
     0 | D:1      | Reached XP level 1. HP: 10/10 MP: 3/3
   235 | D:1      | Reached XP level 2. HP: 15/15 MP: 0/5
   283 | D:1      | Found Micko's One-of-a-Kind Rings.
   353 | D:1      | Found a faded altar of an unknown god.
   738 | D:2      | Found Dink's General Store.
   766 | D:2      | Found Qauwed's Weapon Shop.
   786 | D:2      | Bought 12 stones for 16 gold pieces
   900 | D:2      | Reached skill level 4 in Earth Magic
   918 | D:2      | Reached XP level 3. HP: 14/19 MP: 0/7
   922 | D:2      | Learned a level 3 spell: Stone Arrow
  1000 | D:2      | Found Bat Hal's Assorted Antiques.
  1094 | D:2      | Bought a scroll labelled LEDAOVV TUVON for 27 gold pieces
  1094 | D:2      | Bought a scroll labelled LUKHLO YCOHUX for 27 gold pieces
  1094 | D:2      | Bought a scroll labelled JOFE UFUSIOMI for 27 gold pieces
  1115 | D:2      | Found Copere's Weapon Shop.
  1152 | D:2      | Found Hymuptiff's Weapon Shoppe.
  1490 | D:2      | Reached XP level 4. HP: 24/24 MP: 5/9
  1807 | D:3      | Reached XP level 5. HP: 5/28 MP: 0/11
  2120 | D:3      | Reached skill level 5 in Earth Magic
  2259 | D:3      | Noticed mcbry74's ghost (amateur HOFi)
  2278 | D:3      | Got Sif Muna's Catalogue of Gliding Evil
  2282 | D:3      | Learned a level 2 spell: Passwall
  2359 | D:3      | Found a runed translucent gate.
  2360 | D:3      | Found a runed translucent gate.
  2363 | D:3      | Found a runed translucent gate.
  2721 | D:3      | Reached XP level 6. HP: 31/32 MP: 8/13
  3188 | D:3      | Slain by mcbry74's ghost

Illustrated notes

Levels and vault maps discovered:
D:1:      ldierk_walled_garden, layout_rooms,
          shapermc_ecumenical_altar_totnotflames, nicolae_shop_unique_rings,
          hangedman_decor_points, kennysheep_nondescript, st_stairs_12,
          chequers_serial_rivers_large_a
D:2:      layout_basic, serial_shops, shop_fountains,
          nicolae_shop_bloodbath_and_beyond, nicolae_shop_advertising_works
          [nicolae_subvault_shop_adworks], shop, shop_fountains,
          minmay_indecisive_spiral
D:3:      layout_rooms, gammafunk_ghost_split

Skill      XL: |  1  2  3  4  5 |
---------------+----------------+-----
Earth Magic    | 4 5 |  5.4
Spellcasting   | 3 4 |  4.8
Dodging        | |  1.5
Stealth        | |  2.1
Transmutations | |  0.7

Action                   |  1- 3 |  4- 6 || total
-------------------------+-------+-------++-------
Melee: Unarmed           |     2 |       ||     2
       Spear             |    10 |     5 ||    15
       Hand axe          |       |    12 ||    12
 Cast: Sandblast         |    34 |    58 ||    92
       Stone Arrow       |       |     3 ||     3
  Use: Scroll            |       |     3 ||     3
Armor: Robe              |     9 |     5 ||    14
Dodge: Dodged            |    13 |    22 ||    35

Table legend: (Time is in decaauts)
 A = Elapsed time spent in this place.
 B = Non-inter-level travel time spent in this place.
 C = Inter-level travel time spent in this place.
 D = Time resting spent in this place.
 E = Time spent auto-exploring this place.
 F = Levels seen in this place.
 G = Mean time per level.
                   A        B        C        D        E       F      G
               +--------+--------+--------+--------+--------+-----+--------+
         Total |   3200 |   3095 |    105 |      0 |   2480 |   3 | 1066.7 |
       Dungeon |   3200 |   3095 |    105 |      0 |   2480 |   3 | 1066.7 |
               +--------+--------+--------+--------+--------+-----+--------+

Top non-repeatable levels by time:
     D:3: 1490 daAuts
     D:2: 966 daAuts
     D:1: 743 daAuts
